 Dungeon Crawl Stone Soup version 0.31-a0-435-g2c6fae2916 (webtiles) character file.

Game seed: 15313348639568245003

400 AdnanSaban the Trooper (level 6, -1/40 HPs)
             Began as a Gargoyle Fighter on Aug 1, 2023.
             Slain by a hobgoblin (4 damage)
             ... on level 3 of the Dungeon.
             The game lasted 00:03:42 (3101 turns).

AdnanSaban the Trooper (Gargoyle Fighter)           Turns: 3101, Time: 00:03:42

Health: -1/40      AC: 15    Str: 21    XL:     6   Next: 84%
Magic:  6/6        EV:  9    Int:  9    God:
Gold:   199        SH:  4    Dex:  9    Spells: 5/5 levels left

rFire   . . .        a - +0 flail
rCold   . . .        c - +0 buckler
rNeg    + . .        b - +0 scale mail
rPois   ∞            s - +0 helmet
rElec   +            (no cloak)
rCorr   .            t - +0 pair of gloves
SInv    .            o - +0 pair of boots
Will    .....        (no amulet) Stlth
                     (no ring)
HPRegen 0.26/turn    (no ring)
MPRegen 0.10/turn

%: no passive effects
@: no status effects
A: sickness immunity, AC +4, negative energy resistance 1, electricity
resistance, torment resistance 1, petrification resistance
a: no special abilities


You were on level 3 of the Dungeon.
You visited 1 branch of the dungeon, and saw 4 of its levels.

You collected 199 gold pieces.

Inventory:

Hand Weapons
 a - a +0 flail (weapon)
Missiles
 x - 4 boomerangs
Armour
 b - a +0 scale mail (worn)
 c - a +0 buckler (worn)
 o - a +0 pair of boots (worn)
 s - a +0 helmet (worn)
 t - a +0 pair of gloves (worn)
Jewellery
 v - a +6 ring of strength
Wands
 u - a wand of mindburst (17)
Scrolls
 h - 2 scrolls of vulnerability {unknown}
 l - 2 scrolls of teleportation {unknown}
 m - 2 scrolls of identify {unknown}
 n - a scroll of acquirement {unknown}
 q - a scroll of blinking {unknown}
 y - a scroll of fog {unknown}
Potions
 d - 2 potions of might
 e - 4 potions of curing {unknown}
 f - a potion of attraction {unknown}
 g - 2 potions of enlightenment {unknown}
 i - a potion of cancellation {unknown}
 j - a potion of invisibility {unknown}
 k - 2 potions of magic {unknown}
 p - a potion of lignification {unknown}
 r - a potion of resistance {unknown}
 w - 2 potions of heal wounds {unknown}


   Skills:
 + Level 5.1 Fighting
 + Level 4.6 Maces & Flails
 + Level 4.0 Armour
 + Level 1.1 Dodging
 + Level 4.3 Shields


You had 5 spell levels left.
You didn't know any spells.
Your spell library was empty.

Dungeon Overview and Level Annotations

Branches:
Dungeon (4/15)
 Temple: D:4-7

Altars:
Okawaru


Innate Abilities, Weirdness & Mutations

You are immune to sickness and miasma.
Your stone body is resilient. (AC +4)
You are immune to poison.
You resist negative energy. (rN+)
You are resistant to electric shocks. (rElec)
You are resistant to unholy torment.
You are immune to petrification.


Message History

No target in view!
No target in view!
No target in view!
No target in view!
No target in view!
No target in view!
No target in view!
No target in view!
No target in view!
No target in view!
No target in view!
No target in view!
No target in view!
You climb downwards.
You block the adder's attack. The adder barely misses you.
The hobgoblin hits you but does no damage.
The ogre hits you with a +0 giant spiked club!!
Ouch! That really hurt!
* * * LOW HITPOINT WARNING * * *
The orc throws a boomerang.
You block the boomerang.
There is a stone staircase leading up here.
The adder bites you but does no damage.
The orc throws a boomerang.
The boomerang hits you but does no damage.
The orc hits you with a +0 short sword.
* * * LOW HITPOINT WARNING * * *
You block the hobgoblin's attack. The adder bites you but does no damage.
The ogre barely misses you.
You climb upwards.
There is a stone staircase leading down here.
You closely miss the hobgoblin. The orc closely misses you.
The hobgoblin hits you but does no damage.
You hit the hobgoblin but do no damage. You block the hobgoblin's attack.
The ogre hits you with a +0 giant spiked club!
* * * LOW HITPOINT WARNING * * *
The orc closely misses you.
You closely miss the hobgoblin. You block the hobgoblin's attack.
You block the orc's attack. The ogre closely misses you.
You hit the hobgoblin.
The hobgoblin is severely wounded.
The hobgoblin hits you.
You die...

####################
#...................
##....##########.....
#.....†....# #.....
#..)...###.# #.....
#......# #.# ###...
######## #.# #.#.
#######.# #...
#@g.....# #.##
#oO...### ###
#S...)..##########
#....÷...)........
#....##.##########
#....##...######..
#....####.....##.#
#....# ##.....#.#
#....# #.##.....


You could see an ogre, an adder, an orc and a hobgoblin.

Vanquished Creatures
  Sigmund (D:2)
  Jessica (D:3)
  Ijyb (D:3)
  An orc wizard (D:3)
  Robin (D:3)
  3 gnolls (D:2)
  4 adders
  A worm (D:3)
  A dart slug (D:1)
  7 orcs (D:3)
  4 bats
  6 endoplasms
  3 giant cockroaches
  12 goblins
  11 hobgoblins
  4 jackals (D:1)
  3 quokkas
  6 ball pythons
  5 frilled lizards
  4 kobolds
  3 rats
82 creatures vanquished.

Notes
Turn   | Place    | Note
-------+----------+-------------------------------------------
     0 | D:1      | AdnanSaban the Gargoyle Fighter began the quest for the
                  | Orb.
     0 | D:1      | Reached XP level 1. HP: 14/14 MP: 1/1
   130 | D:1      | Reached XP level 2. HP: 19/19 MP: 2/2
   279 | D:1      | Reached XP level 3. HP: 24/24 MP: 3/3
   309 | D:1      | Found a faded altar of an unknown god.
   897 | D:2      | Reached skill level 4 in Fighting
   904 | D:2      | Reached XP level 4. HP: 25/29 MP: 4/4
  1682 | D:3      | Noticed Robin
  1938 | D:3      | Killed Robin
  1984 | D:3      | Noticed Ijyb
  1984 | D:3      | Noticed Sigmund
  2049 | D:2      | Killed Sigmund
  2050 | D:2      | Reached skill level 1 in Dodging
  2050 | D:2      | Reached XP level 5. HP: 6/34 MP: 5/5
  2050 | D:2      | Reached XP level 6. HP: 7/39 MP: 6/6
  2187 | D:3      | Killed Ijyb
  2210 | D:3      | Reached skill level 5 in Fighting
  2912 | D:3      | Noticed Jessica
  2923 | D:3      | Killed Jessica
  3081 | D:4      | Found an iron altar of Okawaru.
  3099 | D:3      | HP: 2/40 [ogre/+0 giant spiked club (8)]
  3101 | D:3      | Slain by a hobgoblin

Illustrated notes

Levels and vault maps discovered:
D:1:      ncdulo_wetmaze, layout_basic, shapermc_ecumenical_altar_venn,
          chequers_serial_rivers_micro_b, minmay_crystal_room, hex_tiny,
          chequers_big_river, minmay_hexomino_u4
D:2:      layout_basic, minmay_misc_feat_roman, minmay_misc_feat_pillars,
          kennysheep_generic_room_11
D:3:      layout_basic, uniq_jessica, uniq_robin, uniq_ijyb, uniq_sigmund
D:4:      layout_rooms, okawaru_metal_pillars_1_2, nemelex_altar_shiori

Skill      XL: |  1  2  3  4  5  6 |
---------------+-------------------+-----
Fighting       | 4 5 |  5.1
Maces & Flails | 4 |  4.6
Dodging        | 1 |  1.1
Shields        | 4 |  4.3
Armour         | 4 |  4.0

Action                     |  1- 3 |  4- 6 || total
---------------------------+-------+-------++-------
  Melee: Flail             |    87 |   202 ||   289
 Armour: Scale mail        |    54 |   132 ||   186
  Dodge: Dodged            |    54 |   104 ||   158
  Block: Buckler           |    26 |    50 ||    76

Table legend: (Time is in decaauts)
 A = Elapsed time spent in this place.
 B = Non-inter-level travel time spent in this place.
 C = Inter-level travel time spent in this place.
 D = Time resting spent in this place.
 E = Time spent auto-exploring this place.
 F = Levels seen in this place.
 G = Mean time per level.
                   A        B        C        D        E       F      G
               +--------+--------+--------+--------+--------+-----+--------+
         Total |   3202 |   3059 |    143 |    279 |   2121 |   4 |  800.5 |
       Dungeon |   3202 |   3059 |    143 |    279 |   2121 |   4 |  800.5 |
               +--------+--------+--------+--------+--------+-----+--------+

Top non-repeatable levels by time:
     D:2: 1227 daAuts
     D:3: 1043 daAuts
     D:1: 923 daAuts
     D:4: 8 daAuts
